Staline vs Influenza (R2)

Created - 19 septembre 2014 at 19:40

Simulating a Pre-Season

Goals
1 2 3 T
Staline 3 0 3 6
Influenza 1 0 3 4
Shots
1 2 3 T
Staline 7 11 14 32
Influenza 9 13 12 34

1st period

1. Influenza , Corey Tropp 2 (Marek Zagrapan) at 8:13
2. Staline , Mason Raymond 4 (Cam Janssen, Yan Stastny) at 11:00
3. Staline , Devin Setoguchi 1 (Andrei Loktionov, Cody Franson) at 13:51
4. Staline , Andrei Loktionov 5 (Cody Franson) at 18:34

Penalties :
Mathieu Perreault (StJ) for Hooking (Minor) at 0:53, Cody Franson (StJ) for Tripping (Minor) at 14:28, Jared Boll (StJ) for Hooking (Minor) at 19:31, Ryan Carter (VJB) for Holding (Minor) at 19:39

2nd period

No Goal

Penalties :
Nick Spaling (StJ) for Holding (Minor) at 13:52, Matt Corrente (VJB) for High sticking (Minor) at 17:25

3rd period

5. Influenza , Ryan Carter 4 (Marek Zagrapan) at 3:00
6. Staline , Andrei Loktionov 6 (Nick Spaling, Torey Krug) at 5:54
7. Influenza , Corey Tropp 3 (Marek Zagrapan, Carl Gunnarsson) at 7:13
8. Staline , Brandon Prust 1 (Devin Setoguchi, Yan Stastny) at 12:24 (PP)
9. Staline , Tyler Cuma 1 (Andrei Loktionov, Nick Spaling) at 14:29 (PP)
10. Influenza , Robbie Earl 5 (Ryan Carter) at 14:37

Penalties :
Jeff May (VJB) for Tripping (Minor) at 12:18, Brian Salcido (VJB) for Holding Stick (Minor) at 13:28

Goalie Stats

Tobias Stephan (StJ), 30 saves from 34 shots - (0,882), W, 4-0-0, 60:00 minutes
Tyson Sexsmith (VJB), 26 saves from 32 shots - (0,813), L, 0-2-0, 60:00 minutes

Players Stats for Staline

Player Name              G  A  P  +/- PIM S  H  SB GA TA FO     MP     PP MP  PK MP  
------------------------------------------------------------------------------------
Andrei Loktionov         2  2  4   3  0   7  2  0  1  1  13/26  18:58   1:45   0:00 
Brandon Prust            1  0  1  -1  0   1  5  4  0  0  0/1    16:57   1:29   3:09 
Cam Janssen              0  1  1   1  0   4  0  0  0  0  0/0    14:56   1:45   0:00 
Cody Franson             0  2  2   1  2   2  0  3  0  2  0/0    27:05   1:26   2:28 
Devin Setoguchi          1  1  2   3  0   5  0  0  0  0  0/1    17:37   1:29   0:00 
Greg Pateryn             0  0  0  -2  0   1  1  1  0  1  0/0    13:56   0:00   2:18 
J.T. Wyman               0  0  0  -3  0   2  1  2  1  1  0/0     9:14   0:00   0:00 
James Sheppard           0  0  0  -3  0   0  1  0  0  0  0/0     9:11   0:00   0:36 
Jared Boll               0  0  0  -1  2   0  2  0  1  0  0/0    10:50   0:08   0:00 
Mason Raymond            1  0  1   1  0   1  3  0  0  0  1/1    14:24   0:00   2:20 
Mathieu Perreault        0  0  0  -1  2   0  1  0  0  0  0/7    13:04   0:00   2:13 
Nick Spaling             0  2  2   3  2   1  3  0  0  1  3/3    19:56   1:37   1:26 
Stu Bickel               0  0  0   1  0   1  0  1  0  0  0/0    16:26   0:08   0:30 
Theo Peckham             0  0  0  -2  0   2  0  2  0  0  0/0    17:32   1:48   2:18 
Torey Krug               0  1  1   1  0   0  1  0  1  1  0/0    17:20   1:26   1:00 
Tyler Cuma               1  0  1   1  0   2  4  4  1  1  0/0    28:23   1:40   3:36 
Yan Stastny              0  2  2   1  0   2  1  0  1  0  6/12   16:32   1:29   1:36 
Zac Rinaldo              0  0  0  -3  0   1  1  0  0  1  3/5     9:39   0:00   0:50 

Players Stats for Influenza

Player Name              G  A  P  +/- PIM S  H  SB GA TA FO     MP     PP MP  PK MP  
------------------------------------------------------------------------------------
Alexander Sulzer         0  0  0   0  0   0  0  3  0  0  0/0    25:50   3:28   1:51 
Ben Smith                0  0  0  -1  0   0  5  1  1  0  0/0    15:46   2:47   0:00 
Brian Salcido            0  0  0   1  2   0  0  0  0  0  0/0    10:22   0:00   0:51 
Carl Gunnarsson          0  1  1   0  0   3  0  1  0  0  0/0    19:25   2:37   1:23 
Cody McCormick           0  0  0   0  0   4  2  1  0  0  0/2    12:09   0:00   0:00 
Colby Robak              0  0  0  -1  0   1  2  0  0  0  0/0     5:13   0:00   0:00 
Colin McDonald           0  0  0   0  0   0  0  0  0  0  0/0     0:20   0:00   0:00 
Corey Tropp              2  0  2   1  0   2  1  0  0  0  0/0     7:17   0:00   0:00 
Eric Wellwood            0  0  0   1  0   0  0  0  0  0  0/0     8:54   0:00   0:26 
Jaime Sifers             0  0  0   0  0   4  1  2  0  0  0/0    25:50   3:28   1:51 
Jeff Halpern             0  0  0  -1  0   2  0  0  0  0  3/8    16:46   2:47   1:00 
Jeff May                 0  0  0  -1  2   0  0  0  0  0  0/0     5:12   0:00   0:00 
Jeremy Morin             0  0  0   0  0   1  1  1  0  0  0/0    12:05   0:00   0:22 
Jordan Schroeder         0  0  0   0  0   0  0  0  0  0  0/0     0:00   0:00   0:00 
Juraj Mikus              0  0  0   0  0   0  0  0  0  0  0/0     0:00   0:00   0:00 
Marek Zagrapan           0  3  3   1  0   2  1  0  0  0  2/2     8:37   0:00   0:00 
Martins Karsums          0  0  0   0  0   1  1  0  1  0  1/3    20:25   3:18   1:00 
Matt Corrente            0  0  0   0  2   0  4  0  2  1  0/0    18:33   2:37   0:32 
Oskars Bartulis          0  0  0   1  0   0  0  0  0  0  0/0     9:32   0:00   0:00 
Pierre-Cédric Labrie     0  0  0  -1  0   0  4  0  3  1  0/0    15:46   2:47   0:00 
Robbie Earl              1  0  1   0  0   7  3  0  0  1  6/7    23:30   3:18   1:52 
Ryan Carter              1  1  2   0  2   6  0  0  2  2  18/34  22:19   3:17   1:48 
Ryan Russell             0  0  0   0  0   1  1  0  0  1  0/0    11:00   0:00   0:00 
T.J Brodie               0  0  0   0  0   0  0  0  0  0  0/0     0:00   0:00   0:00 
Zac Dalpe                0  0  0   0  0   0  0  0  0  0  0/0     0:00   0:00   0:00 

3 Stars

1 - Andrei Loktionov (StJ)
2 - Corey Tropp (VJB)
3 - Devin Setoguchi (StJ)

Power Play

Staline - 2 on 4 Attempt(s) - 50,00%
Influenza - 0 on 4 Attempt(s) - 0,00%

Penalty Kill

Staline - 4 on 4 Attempt(s) - 100,00% - Score 0 goal in Penalty Kill
Influenza - 2 on 4 Attempt(s) - 50,00% - Score 0 goal in Penalty Kill

Official

Referees : Devorski Paul and Auger Stephane
Linesman : Lyle Seitz and Jay Sharrers

Game Notes

10:54 of 1st period - Staline goal is going for a video replay. After video review, No Goal. The puck has entered the net after making contact with an attacking player’s stick that is above the height of the crossbar.

Staline

5 vs 5 Forward 
   Center                   Left Wing                Right Wing               Time % Phy DF OF 
 1 Andrei Loktionov         Nick Spaling             Devin Setoguchi          40     1   2  2  
 2 Yan Stastny              Mason Raymond            Cam Janssen              30     1   2  2  
 3 Mathieu Perreault        Brandon Prust            Jared Boll               20     1   2  2  
 4 Zac Rinaldo              James Sheppard           J.T. Wyman               10     1   2  2  

5 vs 5 Defense 
   Defense                  Defense                                           Time % Phy DF OF 
 1 Tyler Cuma               Cody Franson                                      40     1   2  2  
 2 Stu Bickel               Torey Krug                                        30     1   2  2  
 3 Greg Pateryn             Theo Peckham                                      20     1   2  2  
 4 Tyler Cuma               Cody Franson                                      10     1   2  2  

PowerPlay Forward 
   Center                   Left Wing                Right Wing               Time % Phy DF OF 
 1 Yan Stastny              Brandon Prust            Devin Setoguchi          60     1   2  2  
 2 Andrei Loktionov         Nick Spaling             Cam Janssen              40     1   2  2  

PowerPlay Defense
   Defense                  Defense                                           Time % Phy DF OF 
 1 Torey Krug               Cody Franson                                      60     1   2  2  
 2 Tyler Cuma               Theo Peckham                                      40     1   2  2  

Penalty Kill 4 Players Forward 
   Center                   Wing                     Time % Phy DF OF 
 1 Mathieu Perreault        Brandon Prust            60     1   2  2  
 2 Yan Stastny              Mason Raymond            40     1   2  2  

Penalty Kill 4 Players Defense
   Defense                  Defense                  Time % Phy DF OF 
 1 Tyler Cuma               Cody Franson             60     1   2  2  
 2 Greg Pateryn             Theo Peckham             40     1   2  2  

Penalty Kill - 3 Players Forward 
   Forward                                           Time % Phy DF OF 
 1 Yan Stastny                                       60     1   2  2  
 2 Mathieu Perreault                                 40     1   2  2  

Penalty Kill - 3 Players Defense
   Defense                  Defense                  Time % Phy DF OF 
 1 Tyler Cuma               Cody Franson             60     1   2  2  
 2 Greg Pateryn             Theo Peckham             40     1   2  2  

4 vs 4 Forward 
   Center                   Wing                     Time % Phy DF OF 
 1 Yan Stastny              Brandon Prust            60     1   2  2  
 2 Andrei Loktionov         Cam Janssen              40     1   2  2  

4 vs 4 Defense
   Defense                  Defense                  Time % Phy DF OF 
 1 Tyler Cuma               Cody Franson             60     1   2  2  
 2 Stu Bickel               Theo Peckham             40     1   2  2  

Last Minutes Offensive
   Center                   Left Wing                Right Wing               Defense                  Defense                  
   Yan Stastny              Mason Raymond            Devin Setoguchi          Torey Krug               Cody Franson             

Last Minutes Defensive
   Center                   Left Wing                Right Wing               Defense                  Defense                  
   Yan Stastny              Brandon Prust            Devin Setoguchi          Tyler Cuma               Cody Franson             

Goaltenders
Starting : Tobias Stephan           
Backup : Joni Ortio               

Extra Forwards
Normal : J.T. Wyman, Jared Boll, Nick Spaling - PP : J.T. Wyman, Jared Boll - PK : Nick Spaling
Extra Defensemen
Normal : Tyler Cuma, Torey Krug, Stu Bickel - PP : Tyler Cuma - PK : Torey Krug, Stu Bickel
Penalty Shots
Devin Setoguchi, Yan Stastny, Brandon Prust, Cam Janssen, Mason Raymond

Influenza

5 vs 5 Forward 
   Center                   Left Wing                Right Wing               Time % Phy DF OF 
 1 Ryan Carter              Robbie Earl              Martins Karsums          40     1   2  2  
 2 Jeff Halpern             Pierre-Cédric Labrie     Ben Smith                30     1   2  2  
 3 Cody McCormick           Ryan Russell             Jeremy Morin             20     1   2  2  
 4 Marek Zagrapan           Eric Wellwood            Corey Tropp              10     1   2  2  

5 vs 5 Defense 
   Defense                  Defense                                           Time % Phy DF OF 
 1 Alexander Sulzer         Jaime Sifers                                      40     1   2  2  
 2 Matt Corrente            Carl Gunnarsson                                   30     1   2  2  
 3 Oskars Bartulis          Brian Salcido                                     20     1   2  2  
 4 Jeff May                 Colby Robak                                       10     1   2  2  

PowerPlay Forward 
   Center                   Left Wing                Right Wing               Time % Phy DF OF 
 1 Ryan Carter              Robbie Earl              Martins Karsums          60     1   2  2  
 2 Jeff Halpern             Pierre-Cédric Labrie     Ben Smith                40     1   2  2  

PowerPlay Defense
   Defense                  Defense                                           Time % Phy DF OF 
 1 Alexander Sulzer         Jaime Sifers                                      60     1   2  2  
 2 Matt Corrente            Carl Gunnarsson                                   40     1   2  2  

Penalty Kill 4 Players Forward 
   Center                   Wing                     Time % Phy DF OF 
 1 Robbie Earl              Ryan Carter              60     1   2  2  
 2 Jeff Halpern             Martins Karsums          40     1   2  2  

Penalty Kill 4 Players Defense
   Defense                  Defense                  Time % Phy DF OF 
 1 Alexander Sulzer         Jaime Sifers             60     1   2  2  
 2 Matt Corrente            Carl Gunnarsson          40     1   2  2  

Penalty Kill - 3 Players Forward 
   Forward                                           Time % Phy DF OF 
 1 Robbie Earl                                       60     1   2  2  
 2 Ryan Carter                                       40     1   2  2  

Penalty Kill - 3 Players Defense
   Defense                  Defense                  Time % Phy DF OF 
 1 Alexander Sulzer         Jaime Sifers             60     1   2  2  
 2 Matt Corrente            Carl Gunnarsson          40     1   2  2  

4 vs 4 Forward 
   Center                   Wing                     Time % Phy DF OF 
 1 Robbie Earl              Ryan Carter              60     1   2  2  
 2 Jeff Halpern             Martins Karsums          40     1   2  2  

4 vs 4 Defense
   Defense                  Defense                  Time % Phy DF OF 
 1 Alexander Sulzer         Jaime Sifers             60     1   2  2  
 2 Matt Corrente            Carl Gunnarsson          40     1   2  2  

Last Minutes Offensive
   Center                   Left Wing                Right Wing               Defense                  Defense                  
   Ryan Carter              Robbie Earl              Martins Karsums          Alexander Sulzer         Jaime Sifers             

Last Minutes Defensive
   Center                   Left Wing                Right Wing               Defense                  Defense                  
   Ryan Carter              Robbie Earl              Martins Karsums          Alexander Sulzer         Jaime Sifers             

Goaltenders
Starting : Tyson Sexsmith           
Backup : Alex Stalock             

Extra Forwards
Normal : Cody McCormick, Marek Zagrapan, Jeremy Morin - PP : Cody McCormick, Marek Zagrapan - PK : Jeremy Morin
Extra Defensemen
Normal : Oskars Bartulis, Brian Salcido, Jeff May - PP : Oskars Bartulis - PK : Brian Salcido, Jeff May
Penalty Shots
Robbie Earl, Ryan Carter, Jeff Halpern, Martins Karsums, Pierre-Cédric Labrie

% Time on Ice - Staline

Lines # - Real PCT - Wanted PCT - Time Play
Normal Forward
1 - 36% - 40% - 17:26
2 - 27% - 30% - 13:13
3 - 20% - 20% - 9:39
4 - 17% - 10% - 8:32
Normal Defense
1 - 39% - 40% - 19:17
2 - 34% - 30% - 16:24
3 - 23% - 20% - 11:08
4 - 4% - 10% - 2:01
PP Forward
1 - 46% - 60% - 1:29
2 - 54% - 40% - 1:45
PP Defense
1 - 44% - 60% - 1:26
2 - 56% - 40% - 1:48
PK Forward
1 - 74% - 60% - 4:29
2 - 26% - 40% - 1:36
PK Defense
1 - 62% - 60% - 3:47
2 - 38% - 40% - 2:18
PK3 Forward
1 - 0% - 60%
2 - 0% - 40%
PK3 Defense
1 - 0% - 60%
2 - 0% - 40%
44 Forward
1 - 81% - 60% - 1:30
2 - 19% - 40% - 0:21
44 Defense
1 - 70% - 60% - 1:18
2 - 30% - 40% - 0:33
Last Minute Offensive  - 0:00
Last Minute Defensive  - 0:00
Total
Forward - 60:00
Defense - 60:00

% Time on Ice - Influenza

Lines # - Real PCT - Wanted PCT - Time Play
Normal Forward
1 - 36% - 40% - 17:46
2 - 27% - 30% - 12:59
3 - 22% - 20% - 10:48
4 - 15% - 10% - 7:17
Normal Defense
1 - 40% - 40% - 19:20
2 - 30% - 30% - 14:45
3 - 20% - 20% - 9:32
4 - 11% - 10% - 5:13
PP Forward
1 - 54% - 60% - 3:18
2 - 46% - 40% - 2:47
PP Defense
1 - 57% - 60% - 3:28
2 - 43% - 40% - 2:37
PK Forward
1 - 69% - 60% - 2:14
2 - 31% - 40% - 1:00
PK Defense
1 - 57% - 60% - 1:51
2 - 43% - 40% - 1:23
PK3 Forward
1 - 0% - 60%
2 - 0% - 40%
PK3 Defense
1 - 0% - 60%
2 - 0% - 40%
44 Forward
1 - 100% - 60% - 1:51
2 - 0% - 40% - 0:00
44 Defense
1 - 64% - 60% - 1:11
2 - 36% - 40% - 0:40
Last Minute Offensive  - 0:00
Last Minute Defensive  - 0:00
Total
Forward - 60:00
Defense - 60:00

Play by Play

1st period


0:01 of 1st period - Andrei Loktionov wins face-off versus Ryan Carter in neutral zone.
0:04 of 1st period - Wrist shot by Devin Setoguchi.
0:04 of 1st period - Shot Blocked by Alexander Sulzer.
0:33 of 1st period - Wrist shot by Jeff Halpern.
0:33 of 1st period - Shot Blocked by Cody Franson.
0:53 of 1st period - Minor Penalty to Mathieu Perreault for Hooking.
0:54 of 1st period - Nick Spaling wins face-off versus Ryan Carter in Staline zone.
2:53 of 1st period - Penalty to Mathieu Perreault is over, Mathieu Perreault is back on ice.
3:03 of 1st period - Snap shot by Andrei Loktionov.
3:03 of 1st period - Shot Misses the Net.
3:15 of 1st period - Torey Krug is hit by Marek Zagrapan.
4:26 of 1st period - Off-side.
4:27 of 1st period - Zac Rinaldo wins face-off versus Jeff Halpern in neutral zone.
4:49 of 1st period - Icing by Pierre-Cédric Labrie.
4:50 of 1st period - Ryan Carter wins face-off versus Devin Setoguchi in Influenza zone.
6:59 of 1st period - Wrist shot by Ryan Carter.
6:59 of 1st period - Stopped by Tobias Stephan without a rebound.
7:00 of 1st period - Ryan Carter wins face-off versus Mathieu Perreault in Staline zone.
8:13 of 1st period - Wrist shot by Corey Tropp.
8:13 of 1st period - Goal by Corey Tropp - Staline : 0 - Influenza : 1.
8:14 of 1st period - Ryan Carter wins face-off versus Andrei Loktionov in neutral zone.
8:17 of 1st period - Snap shot by Robbie Earl.
8:17 of 1st period - Stopped by Tobias Stephan with a rebound.
8:19 of 1st period - Snap shot by Robbie Earl.
8:19 of 1st period - Stopped by Tobias Stephan with a rebound.
8:21 of 1st period - Snap shot by Ryan Carter.
8:21 of 1st period - Stopped by Tobias Stephan without a rebound.
8:22 of 1st period - Andrei Loktionov wins face-off versus Ryan Carter in Staline zone.
8:22 of 1st period - Andrei Loktionov is hit by Matt Corrente.
8:44 of 1st period - Snap shot by Ryan Carter.
8:44 of 1st period - Stopped by Tobias Stephan with a rebound.
8:46 of 1st period - Snap shot by Ryan Carter.
8:46 of 1st period - Shot Blocked by Tyler Cuma.
8:56 of 1st period - Snap shot by Martins Karsums.
8:56 of 1st period - Shot Blocked by Tyler Cuma.
8:58 of 1st period - Snap shot by Carl Gunnarsson.
8:58 of 1st period - Deflect By Nick Spaling.
8:58 of 1st period - Stopped by Tobias Stephan without a rebound.
8:59 of 1st period - Yan Stastny wins face-off versus Jeff Halpern in Staline zone.
9:24 of 1st period - Alexander Sulzer is hit by Brandon Prust and loses puck.
10:40 of 1st period - Off-side.
10:41 of 1st period - Nick Spaling wins face-off versus Ryan Carter in neutral zone.
10:52 of 1st period - Snap shot by Devin Setoguchi.
10:52 of 1st period - Stopped by Tyson Sexsmith with a rebound.
10:54 of 1st period - Wrist shot by Andrei Loktionov.
10:54 of 1st period - Staline goal is going for a video replay.
10:54 of 1st period - The goal is refused. The puck has entered the net after making contact with an attacking player’s stick that is above the height of the crossbar..
10:55 of 1st period - Yan Stastny wins face-off versus Ryan Carter in Influenza zone.
10:58 of 1st period - Slapshot by Cam Janssen.
10:58 of 1st period - Shot Misses the Net.
11:00 of 1st period - Snap shot by Mason Raymond.
11:00 of 1st period - Goal by Mason Raymond - Staline : 1 - Influenza : 1.
11:01 of 1st period - Robbie Earl wins face-off versus Andrei Loktionov in neutral zone.
11:14 of 1st period - Wrist shot by Devin Setoguchi.
11:14 of 1st period - Stopped by Tyson Sexsmith with a rebound.
11:28 of 1st period - Cody Franson is hit by Pierre-Cédric Labrie and loses puck.
13:11 of 1st period - Mathieu Perreault is hit by Cody McCormick and loses puck.
13:26 of 1st period - Brian Salcido is hit by Zac Rinaldo and loses puck.
13:51 of 1st period - Snap shot by Devin Setoguchi.
13:51 of 1st period - Goal by Devin Setoguchi - Staline : 2 - Influenza : 1.
13:52 of 1st period - Ryan Carter wins face-off versus Andrei Loktionov in neutral zone.
14:25 of 1st period - Snap shot by Ben Smith.
14:25 of 1st period - Deflect By Yan Stastny.
14:25 of 1st period - Shot Misses the Net.
14:25 of 1st period - Puck is out of play.
14:26 of 1st period - Yan Stastny wins face-off versus Ryan Carter in Staline zone.
14:28 of 1st period - Minor Penalty to Cody Franson for Tripping.
14:29 of 1st period - Ryan Carter wins face-off versus Mathieu Perreault in Staline zone.
14:33 of 1st period - Snap shot by Robbie Earl.
14:33 of 1st period - Shot Misses the Net.
15:01 of 1st period - Torey Krug is hit by Matt Corrente and loses puck.
16:13 of 1st period - Ben Smith is hit by Nick Spaling and loses puck.
16:20 of 1st period - Pierre-Cédric Labrie is hit by Tyler Cuma and loses puck.
16:28 of 1st period - Penalty to Cody Franson is over, Cody Franson is back on ice.
16:33 of 1st period - Cody Franson is hit by Cody McCormick and loses puck.
17:10 of 1st period - Wrist shot by Cody Franson.
17:10 of 1st period - Deflect By Mathieu Perreault.
17:10 of 1st period - Shot Misses the Net.
17:10 of 1st period - Puck is out of play.
17:11 of 1st period - Yan Stastny wins face-off versus Ryan Carter in Influenza zone.
17:22 of 1st period - Snap shot by Cam Janssen.
17:22 of 1st period - Stopped by Tyson Sexsmith with a rebound.
17:33 of 1st period - Ryan Carter is hit by Mason Raymond and loses puck.
17:49 of 1st period - Slapshot by Robbie Earl.
17:49 of 1st period - Shot Misses the Net.
17:51 of 1st period - Snap shot by Robbie Earl.
17:51 of 1st period - Stopped by Tobias Stephan with a rebound.
17:53 of 1st period - Wrist shot by Robbie Earl.
17:53 of 1st period - Shot Misses the Net.
17:55 of 1st period - Wrist shot by Ryan Carter.
17:55 of 1st period - Stopped by Tobias Stephan without a rebound.
17:56 of 1st period - Andrei Loktionov wins face-off versus Jeff Halpern in Staline zone.
18:03 of 1st period - Wrist shot by Andrei Loktionov.
18:03 of 1st period - Shot Misses the Net.
18:05 of 1st period - Snap shot by Devin Setoguchi.
18:05 of 1st period - Deflect By Nick Spaling.
18:05 of 1st period - Shot Misses the Net.
18:05 of 1st period - Puck is out of play.
18:06 of 1st period - Jeff Halpern wins face-off versus Andrei Loktionov in Influenza zone.
18:13 of 1st period - Icing by Devin Setoguchi.
18:14 of 1st period - Andrei Loktionov wins face-off versus Ryan Carter in Staline zone.
18:14 of 1st period - Andrei Loktionov is hit by Robbie Earl.
18:34 of 1st period - Wrist shot by Andrei Loktionov.
18:34 of 1st period - Goal by Andrei Loktionov - Staline : 3 - Influenza : 1.
18:35 of 1st period - Andrei Loktionov wins face-off versus Ryan Carter in neutral zone.
19:00 of 1st period - Tyler Cuma is hit by Ben Smith and loses puck.
19:09 of 1st period - Slapshot by Jeff Halpern.
19:09 of 1st period - Deflect By Cody Franson.
19:09 of 1st period - Shot Misses the Net.
19:09 of 1st period - Puck is out of play.
19:10 of 1st period - Ryan Carter wins face-off versus Mathieu Perreault in Staline zone.
19:15 of 1st period - Snap shot by Robbie Earl.
19:15 of 1st period - Shot Blocked by Brandon Prust.
19:17 of 1st period - Wrist shot by Ryan Carter.
19:17 of 1st period - Shot Blocked by Brandon Prust.
19:31 of 1st period - Minor Penalty to Jared Boll for Hooking.
19:32 of 1st period - Ryan Carter wins face-off versus Mathieu Perreault in Staline zone.
19:39 of 1st period - Minor Penalty to Ryan Carter for Holding.
19:40 of 1st period - Robbie Earl wins face-off versus Yan Stastny in Influenza zone.
19:49 of 1st period - Tyler Cuma is hit by Robbie Earl.
Goals for this period are 3 for Staline vs 1 for Influenza.
Shots for this period are 7 for Staline vs 9 for Influenza.

2nd period


0:01 of 2nd period - Robbie Earl wins face-off versus Yan Stastny in neutral zone.
0:10 of 2nd period - Slapshot by Robbie Earl.
0:10 of 2nd period - Shot Misses the Net.
0:43 of 2nd period - Snap shot by Jaime Sifers.
0:43 of 2nd period - Deflect By Marek Zagrapan.
0:43 of 2nd period - Shot Misses the Net.
0:43 of 2nd period - Puck is out of play.
0:44 of 2nd period - Marek Zagrapan wins face-off versus Andrei Loktionov in Staline zone.
0:47 of 2nd period - Snap shot by Marek Zagrapan.
0:47 of 2nd period - Deflect By Jeremy Morin.
0:47 of 2nd period - Stopped by Tobias Stephan with a rebound.
1:31 of 2nd period - Penalty to Jared Boll is over, Jared Boll is back on ice.
1:39 of 2nd period - Penalty to Ryan Carter is over, Ryan Carter is back on ice.
1:57 of 2nd period - Cam Janssen is hit by Jaime Sifers and loses puck.
2:22 of 2nd period - Snap shot by Cam Janssen.
2:22 of 2nd period - Stopped by Tyson Sexsmith with a rebound.
2:24 of 2nd period - Slapshot by Theo Peckham.
2:24 of 2nd period - Stopped by Tyson Sexsmith with a rebound.
2:26 of 2nd period - Wrist shot by Andrei Loktionov.
2:26 of 2nd period - Shot Misses the Net.
2:32 of 2nd period - Slapshot by Andrei Loktionov.
2:32 of 2nd period - Stopped by Tyson Sexsmith with a rebound.
2:34 of 2nd period - Slapshot by Stu Bickel.
2:34 of 2nd period - Shot Misses the Net.
2:36 of 2nd period - Snap shot by Theo Peckham.
2:36 of 2nd period - Shot Misses the Net.
2:38 of 2nd period - Snap shot by Stu Bickel.
2:38 of 2nd period - Stopped by Tyson Sexsmith with a rebound.
2:40 of 2nd period - Wrist shot by Cam Janssen.
2:40 of 2nd period - Stopped by Tyson Sexsmith with a rebound.
2:42 of 2nd period - Wrist shot by Jared Boll.
2:42 of 2nd period - Shot Blocked by Alexander Sulzer.
2:44 of 2nd period - Slapshot by Stu Bickel.
2:44 of 2nd period - Deflect By Andrei Loktionov.
2:44 of 2nd period - Shot Misses the Net.
2:44 of 2nd period - Puck is out of play.
2:45 of 2nd period - Jeff Halpern wins face-off versus Zac Rinaldo in Influenza zone.
2:50 of 2nd period - Cody Franson is hit by Pierre-Cédric Labrie and loses puck.
3:11 of 2nd period - Jeff Halpern is hit by Mathieu Perreault and loses puck.
3:20 of 2nd period - Slapshot by Cody Franson.
3:20 of 2nd period - Stopped by Tyson Sexsmith with a rebound.
4:53 of 2nd period - Brandon Prust is hit by Ben Smith and loses puck.
6:50 of 2nd period - Pierre-Cédric Labrie is hit by Brandon Prust and loses puck.
7:01 of 2nd period - Cody McCormick is hit by J.T. Wyman and loses puck.
7:37 of 2nd period - Alexander Sulzer is hit by Jared Boll and loses puck.
8:20 of 2nd period - Snap shot by Andrei Loktionov.
8:20 of 2nd period - Shot Misses the Net.
8:34 of 2nd period - Brandon Prust is hit by Robbie Earl and loses puck.
8:47 of 2nd period - Pierre-Cédric Labrie is hit by Yan Stastny and loses puck.
9:07 of 2nd period - Carl Gunnarsson is hit by James Sheppard and loses puck.
9:22 of 2nd period - Wrist shot by Devin Setoguchi.
9:22 of 2nd period - Stopped by Tyson Sexsmith with a rebound.
9:28 of 2nd period - Nick Spaling is hit by Matt Corrente.
10:08 of 2nd period - Colby Robak is hit by Brandon Prust and loses puck.
10:29 of 2nd period - Snap shot by Cody McCormick.
10:29 of 2nd period - Stopped by Tobias Stephan with a rebound.
10:31 of 2nd period - Slapshot by Ryan Russell.
10:31 of 2nd period - Stopped by Tobias Stephan with a rebound.
10:33 of 2nd period - Backhand shot by Colby Robak.
10:33 of 2nd period - Deflect By James Sheppard.
10:33 of 2nd period - Stopped by Tobias Stephan with a rebound.
10:57 of 2nd period - Off-side.
10:58 of 2nd period - Jeff Halpern wins face-off versus Yan Stastny in neutral zone.
11:01 of 2nd period - Stu Bickel is hit by Ben Smith.
11:29 of 2nd period - Matt Corrente is hit by Nick Spaling and loses puck.
11:44 of 2nd period - Slapshot by Jaime Sifers.
11:44 of 2nd period - Stopped by Tobias Stephan with a rebound.
11:46 of 2nd period - Snap shot by Corey Tropp.
11:46 of 2nd period - Shot Blocked by Stu Bickel.
11:50 of 2nd period - Slapshot by Jaime Sifers.
11:50 of 2nd period - Stopped by Tobias Stephan with a rebound.
11:52 of 2nd period - Slapshot by Marek Zagrapan.
11:52 of 2nd period - Shot Misses the Net.
11:54 of 2nd period - Slapshot by Jaime Sifers.
11:54 of 2nd period - Stopped by Tobias Stephan without a rebound.
11:55 of 2nd period - Andrei Loktionov wins face-off versus Ryan Carter in Staline zone.
12:03 of 2nd period - Off-side.
12:04 of 2nd period - Andrei Loktionov wins face-off versus Martins Karsums in neutral zone.
12:11 of 2nd period - Wrist shot by Alexander Sulzer.
12:11 of 2nd period - Shot Misses the Net.
12:13 of 2nd period - Snap shot by Robbie Earl.
12:13 of 2nd period - Shot Misses the Net.
12:15 of 2nd period - Slapshot by Martins Karsums.
12:15 of 2nd period - Deflect By Robbie Earl.
12:15 of 2nd period - Stopped by Tobias Stephan without a rebound.
12:16 of 2nd period - Ryan Carter wins face-off versus Andrei Loktionov in Staline zone.
12:23 of 2nd period - Wrist shot by Martins Karsums.
12:23 of 2nd period - Stopped by Tobias Stephan without a rebound.
12:24 of 2nd period - Nick Spaling wins face-off versus Ryan Carter in Staline zone.
12:31 of 2nd period - Slapshot by Nick Spaling.
12:31 of 2nd period - Stopped by Tyson Sexsmith without a rebound.
12:32 of 2nd period - Andrei Loktionov wins face-off versus Ryan Carter in Influenza zone.
12:33 of 2nd period - Wrist shot by Devin Setoguchi.
12:33 of 2nd period - Shot Blocked by Jaime Sifers.
12:57 of 2nd period - Cody Franson is hit by Pierre-Cédric Labrie and loses puck.
13:24 of 2nd period - Cody McCormick is hit by Brandon Prust and loses puck.
13:35 of 2nd period - Wrist shot by Ryan Russell.
13:35 of 2nd period - Shot Blocked by Theo Peckham.
13:45 of 2nd period - Snap shot by Marek Zagrapan.
13:45 of 2nd period - Deflect By Greg Pateryn.
13:45 of 2nd period - Stopped by Tobias Stephan without a rebound.
13:46 of 2nd period - Ryan Carter wins face-off versus Andrei Loktionov in Staline zone.
13:52 of 2nd period - Minor Penalty to Nick Spaling for Holding.
13:53 of 2nd period - Ryan Carter wins face-off versus Mathieu Perreault in Staline zone.
13:57 of 2nd period - Snap shot by Robbie Earl.
13:57 of 2nd period - Shot Misses the Net.
13:59 of 2nd period - Slapshot by Carl Gunnarsson.
13:59 of 2nd period - Stopped by Tobias Stephan with a rebound.
14:01 of 2nd period - Snap shot by Robbie Earl.
14:01 of 2nd period - Stopped by Tobias Stephan with a rebound.
14:59 of 2nd period - Wrist shot by Zac Rinaldo.
14:59 of 2nd period - Stopped by Tyson Sexsmith with a rebound.
15:01 of 2nd period - Backhand shot by Greg Pateryn.
15:01 of 2nd period - Deflect By Mason Raymond.
15:01 of 2nd period - Shot Misses the Net.
15:01 of 2nd period - Puck is out of play.
15:02 of 2nd period - Zac Rinaldo wins face-off versus Ryan Carter in Influenza zone.
15:28 of 2nd period - Jeff Halpern is hit by Brandon Prust and loses puck.
15:44 of 2nd period - Icing by Ryan Carter.
15:45 of 2nd period - Martins Karsums wins face-off versus Mathieu Perreault in Influenza zone.
15:52 of 2nd period - Penalty to Nick Spaling is over, Nick Spaling is back on ice.
16:21 of 2nd period - Off-side.
16:22 of 2nd period - Yan Stastny wins face-off versus Cody McCormick in neutral zone.
17:25 of 2nd period - Minor Penalty to Matt Corrente for High sticking.
17:26 of 2nd period - Robbie Earl wins face-off versus Yan Stastny in Influenza zone.
17:30 of 2nd period - Off-side.
17:31 of 2nd period - Robbie Earl wins face-off versus Yan Stastny in neutral zone.
17:36 of 2nd period - Slapshot by Robbie Earl.
17:36 of 2nd period - Shot Blocked by Brandon Prust.
17:44 of 2nd period - Snap shot by Yan Stastny.
17:44 of 2nd period - Stopped by Tyson Sexsmith with a rebound.
17:46 of 2nd period - Snap shot by Yan Stastny.
17:46 of 2nd period - Shot Hit the Post.
18:04 of 2nd period - Slapshot by Cody Franson.
18:04 of 2nd period - Shot Misses the Net.
18:06 of 2nd period - Wrist shot by Cam Janssen.
18:06 of 2nd period - Stopped by Tyson Sexsmith with a rebound.
19:25 of 2nd period - Penalty to Matt Corrente is over, Matt Corrente is back on ice.
19:30 of 2nd period - Colby Robak is hit by Tyler Cuma and loses puck.
19:37 of 2nd period - Snap shot by Cody McCormick.
19:37 of 2nd period - Stopped by Tobias Stephan with a rebound.
19:39 of 2nd period - Slapshot by Ryan Russell.
19:39 of 2nd period - Shot Blocked by Theo Peckham.
19:41 of 2nd period - Wrist shot by Cody McCormick.
19:41 of 2nd period - Shot Misses the Net.
19:52 of 2nd period - Theo Peckham is hit by Colby Robak and loses puck.
Goals for this period are 0 for Staline vs 0 for Influenza.
Shots for this period are 11 for Staline vs 13 for Influenza.

3rd period


0:01 of 3rd period - Ryan Carter wins face-off versus Andrei Loktionov in neutral zone.
0:08 of 3rd period - Backhand shot by Robbie Earl.
0:08 of 3rd period - Stopped by Tobias Stephan without a rebound.
0:09 of 3rd period - Andrei Loktionov wins face-off versus Ryan Carter in Staline zone.
0:20 of 3rd period - Slapshot by Jaime Sifers.
0:20 of 3rd period - Shot Blocked by Cody Franson.
1:03 of 3rd period - Icing by Tyler Cuma.
1:04 of 3rd period - Andrei Loktionov wins face-off versus Jeff Halpern in Staline zone.
1:10 of 3rd period - Carl Gunnarsson is hit by Andrei Loktionov and loses puck.
1:19 of 3rd period - Snap shot by Devin Setoguchi.
1:19 of 3rd period - Shot Hit the Post.
1:21 of 3rd period - Snap shot by Devin Setoguchi.
1:21 of 3rd period - Stopped by Tyson Sexsmith with a rebound.
1:23 of 3rd period - Wrist shot by Nick Spaling.
1:23 of 3rd period - Shot Blocked by Ben Smith.
1:25 of 3rd period - Snap shot by Andrei Loktionov.
1:25 of 3rd period - Shot Misses the Net.
1:29 of 3rd period - Wrist shot by Andrei Loktionov.
1:29 of 3rd period - Stopped by Tyson Sexsmith with a rebound.
1:31 of 3rd period - Backhand shot by Devin Setoguchi.
1:31 of 3rd period - Shot Misses the Net.
1:33 of 3rd period - Wrist shot by Devin Setoguchi.
1:33 of 3rd period - Shot Misses the Net.
1:35 of 3rd period - Slapshot by Tyler Cuma.
1:35 of 3rd period - Deflect By Nick Spaling.
1:35 of 3rd period - Shot Blocked by Carl Gunnarsson.
1:35 of 3rd period - Puck is out of play.
1:36 of 3rd period - Mason Raymond wins face-off versus Cody McCormick in Influenza zone.
1:47 of 3rd period - Wrist shot by Yan Stastny.
1:47 of 3rd period - Stopped by Tyson Sexsmith with a rebound.
1:49 of 3rd period - Backhand shot by Greg Pateryn.
1:49 of 3rd period - Shot Blocked by Cody McCormick.
1:51 of 3rd period - Slapshot by Greg Pateryn.
1:51 of 3rd period - Stopped by Tyson Sexsmith without a rebound.
1:52 of 3rd period - Ryan Carter wins face-off versus Brandon Prust in Influenza zone.
1:59 of 3rd period - Wrist shot by Ryan Carter.
1:59 of 3rd period - Stopped by Tobias Stephan with a rebound.
2:50 of 3rd period - Wrist shot by Cody McCormick.
2:50 of 3rd period - Stopped by Tobias Stephan with a rebound.
3:00 of 3rd period - Snap shot by Ryan Carter.
3:00 of 3rd period - Goal by Ryan Carter - Staline : 3 - Influenza : 2.
3:01 of 3rd period - Andrei Loktionov wins face-off versus Ryan Carter in neutral zone.
3:26 of 3rd period - Tyler Cuma is hit by Ben Smith and loses puck.
4:40 of 3rd period - Nick Spaling is hit by Corey Tropp and loses puck.
4:57 of 3rd period - Ben Smith is hit by Mason Raymond and loses puck.
5:02 of 3rd period - Slapshot by Cody Franson.
5:02 of 3rd period - Stopped by Tyson Sexsmith with a rebound.
5:40 of 3rd period - Wrist shot by Ryan Russell.
5:40 of 3rd period - Shot Blocked by J.T. Wyman.
5:42 of 3rd period - Snap shot by Cody McCormick.
5:42 of 3rd period - Shot Misses the Net.
5:44 of 3rd period - Snap shot by Carl Gunnarsson.
5:44 of 3rd period - Deflect By J.T. Wyman.
5:44 of 3rd period - Stopped by Tobias Stephan with a rebound.
5:54 of 3rd period - Snap shot by Nick Spaling.
5:54 of 3rd period - Deflect By Andrei Loktionov.
5:54 of 3rd period - Goal by Andrei Loktionov - Staline : 4 - Influenza : 2.
5:55 of 3rd period - Andrei Loktionov wins face-off versus Martins Karsums in neutral zone.
6:06 of 3rd period - Snap shot by Devin Setoguchi.
6:06 of 3rd period - Shot Misses the Net.
6:26 of 3rd period - Brian Salcido is hit by Mason Raymond and loses puck.
6:58 of 3rd period - Icing by Matt Corrente.
6:59 of 3rd period - Marek Zagrapan wins face-off versus Zac Rinaldo in Influenza zone.
6:59 of 3rd period - Marek Zagrapan is hit by Greg Pateryn.
7:11 of 3rd period - Snap shot by Marek Zagrapan.
7:11 of 3rd period - Shot Misses the Net.
7:13 of 3rd period - Snap shot by Corey Tropp.
7:13 of 3rd period - Goal by Corey Tropp - Staline : 4 - Influenza : 3.
7:14 of 3rd period - Ryan Carter wins face-off versus Andrei Loktionov in neutral zone.
7:25 of 3rd period - Snap shot by Robbie Earl.
7:25 of 3rd period - Shot Blocked by Cody Franson.
7:27 of 3rd period - Wrist shot by Robbie Earl.
7:27 of 3rd period - Shot Blocked by Tyler Cuma.
8:14 of 3rd period - Cody McCormick is hit by Tyler Cuma and loses puck.
8:35 of 3rd period - Wrist shot by Ryan Carter.
8:35 of 3rd period - Shot Blocked by J.T. Wyman.
8:49 of 3rd period - Eric Wellwood is hit by Nick Spaling and loses puck.
8:56 of 3rd period - Slapshot by Andrei Loktionov.
8:56 of 3rd period - Stopped by Tyson Sexsmith with a rebound.
9:16 of 3rd period - Snap shot by Jeff Halpern.
9:16 of 3rd period - Stopped by Tobias Stephan without a rebound.
9:17 of 3rd period - Ryan Carter wins face-off versus Andrei Loktionov in Staline zone.
9:42 of 3rd period - Jeff Halpern is hit by Torey Krug and loses puck.
10:09 of 3rd period - Cam Janssen is hit by Ryan Russell and loses puck.
10:15 of 3rd period - Cody Franson is hit by Jeremy Morin and loses puck.
10:18 of 3rd period - Snap shot by Yan Stastny.
10:18 of 3rd period - Shot Misses the Net.
10:49 of 3rd period - Snap shot by Jeff Halpern.
10:49 of 3rd period - Stopped by Tobias Stephan with a rebound.
10:51 of 3rd period - Snap shot by Jaime Sifers.
10:51 of 3rd period - Deflect By Pierre-Cédric Labrie.
10:51 of 3rd period - Shot Blocked by Tyler Cuma.
10:51 of 3rd period - Puck is out of play.
10:52 of 3rd period - Zac Rinaldo wins face-off versus Jeff Halpern in Staline zone.
11:01 of 3rd period - Snap shot by James Sheppard.
11:01 of 3rd period - Shot Misses the Net.
11:03 of 3rd period - Slapshot by Greg Pateryn.
11:03 of 3rd period - Shot Misses the Net.
11:42 of 3rd period - Snap shot by Matt Corrente.
11:42 of 3rd period - Shot Blocked by Greg Pateryn.
11:58 of 3rd period - Jared Boll is hit by Matt Corrente and loses puck.
12:03 of 3rd period - Wrist shot by Marek Zagrapan.
12:03 of 3rd period - Stopped by Tobias Stephan without a rebound.
12:04 of 3rd period - Ryan Carter wins face-off versus Andrei Loktionov in Staline zone.
12:09 of 3rd period - Wrist shot by Martins Karsums.
12:09 of 3rd period - Deflect By Ryan Carter.
12:09 of 3rd period - Shot Misses the Net.
12:09 of 3rd period - Puck is out of play.
12:10 of 3rd period - Andrei Loktionov wins face-off versus Ryan Carter in Staline zone.
12:10 of 3rd period - Andrei Loktionov is hit by Colby Robak.
12:16 of 3rd period - Slapshot by Tyler Cuma.
12:16 of 3rd period - Stopped by Tyson Sexsmith with a rebound.
12:18 of 3rd period - Minor Penalty to Jeff May for Tripping.
12:19 of 3rd period - Yan Stastny wins face-off versus Robbie Earl in Influenza zone.
12:24 of 3rd period - Wrist shot by Brandon Prust.
12:24 of 3rd period - Goal by Brandon Prust - Staline : 5 - Influenza : 3.
12:25 of 3rd period - Ryan Carter wins face-off versus Andrei Loktionov in neutral zone.
12:51 of 3rd period - Yan Stastny is hit by Ben Smith and loses puck.
13:28 of 3rd period - Minor Penalty to Brian Salcido for Holding Stick.
13:29 of 3rd period - Robbie Earl wins face-off versus Yan Stastny in Influenza zone.
13:40 of 3rd period - Slapshot by Devin Setoguchi.
13:40 of 3rd period - Shot Blocked by Alexander Sulzer.
13:42 of 3rd period - Slapshot by Theo Peckham.
13:42 of 3rd period - Stopped by Tyson Sexsmith with a rebound.
13:44 of 3rd period - Snap shot by Devin Setoguchi.
13:44 of 3rd period - Shot Misses the Net.
14:12 of 3rd period - Martins Karsums is hit by Andrei Loktionov and loses puck.
14:25 of 3rd period - Snap shot by Nick Spaling.
14:25 of 3rd period - Shot Misses the Net.
14:27 of 3rd period - Snap shot by Andrei Loktionov.
14:27 of 3rd period - Stopped by Tyson Sexsmith with a rebound.
14:29 of 3rd period - Slapshot by Tyler Cuma.
14:29 of 3rd period - Goal by Tyler Cuma - Staline : 6 - Influenza : 3.
14:30 of 3rd period - Ryan Carter wins face-off versus Mathieu Perreault in neutral zone.
14:37 of 3rd period - Snap shot by Robbie Earl.
14:37 of 3rd period - Goal by Robbie Earl - Staline : 6 - Influenza : 4.
14:38 of 3rd period - Ryan Carter wins face-off versus Andrei Loktionov in neutral zone.
14:41 of 3rd period - Slapshot by Jaime Sifers.
14:41 of 3rd period - Deflect By Cody Franson.
14:41 of 3rd period - Stopped by Tobias Stephan with a rebound.
15:14 of 3rd period - Snap shot by Mason Raymond.
15:14 of 3rd period - Shot Blocked by Jaime Sifers.
15:54 of 3rd period - Snap shot by Cody McCormick.
15:54 of 3rd period - Shot Misses the Net.
16:00 of 3rd period - Snap shot by Cody McCormick.
16:00 of 3rd period - Stopped by Tobias Stephan with a rebound.
16:02 of 3rd period - Slapshot by Jaime Sifers.
16:02 of 3rd period - Shot Blocked by Brandon Prust.
17:01 of 3rd period - Snap shot by J.T. Wyman.
17:01 of 3rd period - Stopped by Tyson Sexsmith with a rebound.
17:03 of 3rd period - Wrist shot by Torey Krug.
17:03 of 3rd period - Shot Blocked by Jeremy Morin.
17:05 of 3rd period - Slapshot by Torey Krug.
17:05 of 3rd period - Shot Misses the Net.
17:07 of 3rd period - Wrist shot by J.T. Wyman.
17:07 of 3rd period - Stopped by Tyson Sexsmith with a rebound.
17:50 of 3rd period - Eric Wellwood is hit by Tyler Cuma and loses puck.
18:17 of 3rd period - Yan Stastny is hit by Pierre-Cédric Labrie and loses puck.
18:38 of 3rd period - Tyler Cuma is hit by Martins Karsums and loses puck.
18:45 of 3rd period - Ryan Carter is hit by Jared Boll and loses puck.
Goals for this period are 3 for Staline vs 3 for Influenza.
Shots for this period are 14 for Staline vs 12 for Influenza.


Output by the SimonT Hockey Simulator (STHS) for François Prévost -- Original Page W3C XHTML 1.0 Valid
Hockey Simulator - Hockey Simulation - Hockey Manager